 Dungeon Crawl Stone Soup version 0.24-a0-736-g4e6fe308c7 (webtiles) character file.

Game seed: 2481143621873432836, levelgen mode: deterministic

12382 Kohma the Destroyer (level 11, -11/97 HPs)
             Began as a Red Draconian Conjurer on Oct 2, 2019.
             Was a Priest of Dithmenos.
             Splashed by an acid dragon's acid (12 damage)
             ... on level 10 of the Dungeon.
             The game lasted 00:49:22 (15809 turns).

Kohma the Destroyer (Red Draconian Conjurer)       Turns: 15809, Time: 00:49:23

Health: -11/97     AC:  5    Str: 19    XL:     11   Next: 61%
Magic:  28/33      EV: 12    Int: 19    God:    Dithmenos [***...]
Gold:   631        SH:  5    Dex: 12    Spells: 3/28 levels left

rFire    + . .     SeeInvis .   F - +5 spear of the Crawling Thing {drain, Str+4}
rCold    . . .     Gourm    .   n - +1 buckler
rNeg     . . .     Faith    .   (armour unavailable)
rPois    .         Spirit   .   (helmet restricted)
rElec    .         Reflect  .   c - +1 cloak
rCorr    .         Harm     .   (no gloves)
MR       .....                  (no boots)
Stlth    ++........             (no amulet)
HPRegen  0.26/turn              A - ring of wizardry
MPRegen  0.23/turn              l - ring of magical power

@: mighty, corroded, wreathed by umbra, lightly drained
A: breathe fire, unfitting armour, fire resistance 1, cold-blooded, AC +7
a: Breathe Fire, Shadow Step, Renounce Religion


You were on level 10 of the Dungeon.
You worshipped Dithmenos.
Dithmenos was most pleased with you.
You were not hungry.

You visited 2 branches of the dungeon, and saw 12 of its levels.

You collected 631 gold pieces.

Inventory:

Hand Weapons
 h - a +0 short sword of flaming
 p - a +1 trident of protection
 x - a +2 flail of holy wrath
 F - the +5 spear of the Crawling Thing (weapon) {drain, Str+4}
   (You found it on level 7 of the Dungeon)

   A truly terrible weapon, it drains the life of those it strikes.
   It affects your strength (+4).
Missiles
 a - 87 sling bullets
 d - 352 stones
 g - 36 poisoned darts (quivered)
 v - 155 arrows
 y - 6 atropa-tipped darts
 B - a throwing net
 L - 28 bolts
Armour
 c - a +1 cloak (worn)
 n - a +1 buckler (worn)
Jewellery
 l - a ring of magical power (right hand)
 o - a +4 ring of dexterity
 u - an uncursed ring of protection from fire
 A - a ring of wizardry (left hand)
 D - an uncursed ring of flight
 M - an uncursed ring of resist corrosion
Wands
 i - a wand of polymorph (20)
 m - a wand of digging (16)
 G - a wand of paralysis (4)
 H - a wand of flame (15)
 N - a wand of scattershot (7)
Scrolls
 q - 2 scrolls of remove curse
 t - 3 scrolls of enchant weapon
 C - 7 scrolls of teleportation
 I - a scroll of magic mapping
 J - 2 scrolls of enchant armour
Potions
 e - 2 potions of might
 f - 2 potions of haste
 j - 2 potions of curing
 r - a potion of magic
 s - a potion of flight
 w - 2 potions of mutation
 z - 2 potions of lignification
 E - a potion of brilliance {unknown}
 K - a potion of berserk rage {unknown}
 R - a potion of heal wounds {unknown}
Comestibles
 b - 22 rations


   Skills:
 + Level 9.1(8.7) Fighting
 - Level 1.7(1.4) Dodging
 - Level 1.7(1.4) Stealth
 - Level 4.0(3.7) Shields
 + Level 9.3(9.0) Spellcasting
 - Level 10.0(9.6) Conjurations
 - Level 2.0(1.7) Hexes
 - Level 5.0(4.6) Necromancy
 * Level 4.6(4.3) Poison Magic
 * Level 5.5(5.2) Invocations


You had 3 spell levels left.
You knew the following spells:

 Your Spells              Type           Power        Failure   Level  Hunger
a - Magic Dart            Conj           ####         1%          1    None
b - Searing Ray           Conj           #####.       1%          2    None
c - Iskenderun's Mystic   Conj           #####...     1%          4    ###....
d - Confuse               Hex            ###.....     5%          3    None
e - Mephitic Cloud        Conj/Pois/Air  ####....     1%          3    None
f - Regeneration          Chrm/Necr      ###.......   4%          3    None
g - Olgreb's Toxic Radia  Pois           ####....     6%          4    ###....
h - Venom Bolt            Conj/Pois      #####.....   5%          5    #####..

Your spell library contained the following spells:

 Spells                   Type           Power        Failure   Level  Hunger
 Confusing Touch          Hex            ###...       1%          1    None
 Shock                    Conj/Air       ####         1%          1    None
 Sting                    Conj/Pois      ####         1%          1    None
 Dazzling Spray           Conj/Hex       ####..       1%          3    None
 Static Discharge         Conj/Air       ####....     1%          3    None
 Poisonous Vapours        Pois/Air       ###...       2%          2    None
 Infusion                 Chrm           #...         3%          1    None
 Shroud of Golubria       Chrm/Tloc      #.....       5%          2    None
 Song of Slaying          Chrm           #.......     5%          2    None
 Swiftness                Chrm/Air       #.......     5%          2    None
 Spectral Weapon          Hex/Chrm       ##......     8%          3    None
 Gell's Gravitas          Tloc           #.........   11%         3    None
 Fulminant Prism          Conj/Hex       ####......   3%          4    ###....
 Force Lance              Conj/Tloc      ####....     4%          4    ###....
 Lightning Bolt           Conj/Air       ####......   13%         5    #####..
 Airstrike                Air            #.........   32%         4    ###....
 Petrify                  Tmut/Erth      #.......     32%         4    ###....
 Metabolic Englaciation   Hex/Ice        ##........   52%         5    #####..
 Yara's Violent Unravell  Hex/Tmut       ##........   52%         5    #####..


Dungeon Overview and Level Annotations

Branches:
Dungeon (11/15)            Temple (1/1) D:6            Lair (0/6) D:10
    Orc (0/2) D:9

Altars:
Ashenzari
Cheibriados
Dithmenos
Elyvilon
Fedhas
Gozag
Hepliaklqana
Kikubaaqudgha
Makhleb
Nemelex Xobeh
Okawaru
Qazlal
Ru
Sif Muna
Trog
Uskayaw
Vehumet
Wu Jian
Xom
Yredelemnul
Zin
The Shining One

Shops:
D:4 %

Annotations:
D:4 exclusion: downstairs


Innate Abilities, Weirdness & Mutations

You can breathe blasts of fire.
Your fiery red scales are hard. (AC +7)
You cannot fit into any form of body armour.
Your flesh is heat resistant. (rF+)
You are cold-blooded and may be slowed by cold attacks.


Message History

You climb upwards.
There is a stone staircase leading down here.
You hit the acid dragon but do no damage.
The acid dragon is almost dead.
You block the hippogriff's attack. The hippogriff closely misses you.
The hippogriff claws you.
* * * LOW HITPOINT WARNING * * *
The acid dragon bites you.
* * * LOW HITPOINT WARNING * * *
The acid dragon misses you.
The hippogriff bites you but does no damage.
The hippogriff pecks you but does no damage.
The hippogriff claws you.
* * * LOW HITPOINT WARNING * * *
You feel very mighty all of a sudden. The acid dragon spits acid at you.
The splash of acid hits you!
* * * LOW HITPOINT WARNING * * *
You are splashed with acid!
You die...

...### #..# #..# #...... #####
#..# #..# #......
###[##########..#####..####......
.##.#............................
#..##...............<........####
#.#.#######################..#
..#.# #..#
##.########################..####
#####...........@H...............
...............D.................
#################################


You could see a hippogriff and an acid dragon.

Vanquished Creatures
  Harold (D:9)
  2 two-headed ogres
  A queen ant (D:8)
  2 unseen horrors (D:10)
  A cyclops (D:11)
  A troll (D:11)
  A hippogriff (D:9)
  A spriggan (D:8)
  10 yaks
  Edmund (D:6)
  3 soldier ants
  A floating eye (shapeshifter) (D:10)
  A black bear (D:9)
  2 orc warriors
  4 ice beasts
  2 sky beasts
  A phantom (D:8)
  A necrophage (D:10)
  3 ogres
  6 centaurs
  2 big kobolds
  Blork the orc (D:5)
  2 bullfrogs (D:7)
  A water moccasin zombie (D:5)
  A wyvern zombie (D:7)
  A wyvern skeleton (D:8)
  6 scorpions
  2 water moccasin skeletons
  9 killer bees
  5 wights (D:9)
  3 howler monkeys
  7 crimson imps
  2 bullfrog zombies
  3 centaur zombies
  4 hounds
  Crazy Yiuf (D:5)
  8 orc priests
  5 orc wizards
  A bullfrog skeleton (D:9)
  Jessica (D:2)
  2 centaur skeletons
  5 iguanas
  A statue (D:9)
  24 worker ants
  A killer bee zombie (D:9)
  2 hound zombies
  A gnoll (D:1)
  11 adders
  A shadow imp (D:4)
  An ooze (D:5)
  3 adder skeletons
  5 worms
  A dart slug (D:1)
  6 leopard geckos
  27 orcs
  A ball python (D:4)
  6 giant cockroaches
  6 goblins
  11 hobgoblins
  17 jackals
  10 kobolds
  4 quokkas
  A ball python zombie (D:2)
  3 bats (D:2)
  4 frilled lizards
  2 quokka skeletons
  A spectral orc (D:8)
267 creatures vanquished.

Vanquished Creatures (others)
  4 withered plants (D:11)
4 creatures vanquished.

Grand Total: 271 creatures vanquished

Notes
Turn   | Place    | Note
-------+----------+-------------------------------------------
     0 | D:1      | Kohma the Draconian Conjurer began the quest for the Orb.
     0 | D:1      | Reached XP level 1. HP: 14/14 MP: 3/3
   323 | D:1      | Reached XP level 2. HP: 22/22 MP: 5/5
   335 | D:1      | Learned a level 2 spell: Searing Ray
   412 | D:1      | Reached skill level 1 in Fighting
  1015 | D:1      | Reached XP level 3. HP: 28/28 MP: 6/6
  1369 | D:2      | Reached XP level 4. HP: 34/36 MP: 5/7
  1809 | D:2      | Reached skill level 5 in Conjurations
  1899 | D:2      | Noticed Jessica
  1902 | D:2      | Killed Jessica
  2030 | D:2      | Reached skill level 1 in Shields
  2193 | D:3      | Reached XP level 5. HP: 39/41 MP: 9/9
  2400 | D:3      | Learned a level 4 spell: Iskenderun's Mystic Blast
  2404 | D:3      | Learned a level 3 spell: Confuse
  2638 | D:3      | Reached XP level 6. HP: 36/48 MP: 4/10
  3225 | D:4      | Found an ancient bone altar of Kikubaaqudgha.
  3441 | D:4      | Found a shattered altar of Ashenzari.
  3517 | D:4      | Found Rogetral's Food Shop.
  3682 | D:4      | Reached skill level 6 in Conjurations
  4272 | D:5      | Entered Level 5 of the Dungeon
  4272 | D:5      | Noticed Blork the orc
  4683 | D:5      | Your scales start taking on a fiery red colour.
  4683 | D:5      | Reached XP level 7. HP: 53/53 MP: 12/12
  4683 | D:5      | Gained mutation: Your flesh is heat resistant. (rF+) [Red
                  | Draconian growth]
  4730 | D:5      | Found a blossoming altar of Fedhas.
  4820 | D:5      | Killed Blork the orc
  5073 | D:5      | Reached skill level 7 in Conjurations
  5657 | D:5      | Found a runed translucent door.
  5658 | D:5      | Noticed Crazy Yiuf
  5665 | D:5      | Killed Crazy Yiuf
  5890 | D:6      | Found a staircase to the Ecumenical Temple.
  5900 | Temple   | Entered the Ecumenical Temple
  6013 | Temple   | Became a worshipper of Dithmenos the Shadowed
  6078 | D:6      | Reached XP level 8. HP: 48/61 MP: 14/14
  6136 | D:6      | Noticed a two-headed ogre
  6148 | D:6      | Killed a two-headed ogre
  6148 | D:6      | Reached skill level 5 in Spellcasting
  6148 | D:6      | Reached skill level 9 in Conjurations
  6514 | D:6      | Found a shimmering blue altar of Sif Muna.
  6742 | D:6      | Found a basalt altar of Yredelemnul.
  6871 | D:6      | Noticed Edmund
  6890 | D:6      | Killed Edmund
  6916 | D:6      | Reached XP level 9. HP: 25/69 MP: 5/17
  7321 | D:6      | Found a white marble altar of Elyvilon.
  7321 | D:6      | Found a bloodstained altar of Trog.
  7326 | D:6      | Found a faded altar of an unknown god.
  7328 | D:6      | Found a faded altar of an unknown god.
  7330 | D:6      | Found a hazy altar of Hepliaklqana.
  7631 | D:7      | Found a stormy altar of Qazlal.
  7693 | D:7      | Reached skill level 1 in Hexes
  7695 | D:7      | HP: 3/70 [centaur/arrow (11)]
  8031 | D:7      | Reached skill level 10 in Conjurations
  8035 | D:7      | Got an encrusted spear
  8210 | D:7      | Reached * piety under Dithmenos
  8306 | D:7      | Identified the +5 spear of the Crawling Thing {drain,
                  | Str+4} (You found it on level 7 of the Dungeon)
  8350 | D:7      | Found a glowing golden altar of the Shining One.
  9045 | D:8      | Reached skill level 5 in Fighting
  9231 | D:8      | Found a sacrificial altar of Ru.
  9316 | D:8      | Reached ** piety under Dithmenos
  9331 | D:8      | HP: 3/75 [poisoned by a soldier ant]
  9336 | D:8      | HP: 2/75 [poisoned by a soldier ant]
  9343 | D:8      | HP: 2/75 [poisoned by a soldier ant]
  9351 | D:8      | HP: 1/75 [poisoned by a soldier ant]
  9862 | D:8      | Reached XP level 10. HP: 39/84 MP: 16/21
 10321 | D:8      | Found a basalt altar of Yredelemnul.
 10709 | D:8      | Learned a level 3 spell: Mephitic Cloud
 10713 | D:8      | Learned a level 3 spell: Regeneration
 10790 | D:8      | Noticed a queen ant
 10809 | D:8      | Killed a queen ant
 10809 | D:8      | Reached skill level 1 in Necromancy
 10809 | D:8      | Reached skill level 1 in Poison Magic
 10864 | D:8      | Found a burning altar of Makhleb.
 11531 | D:9      | Found a radiant altar of Vehumet.
 11695 | D:9      | Found a snail-covered altar of Cheibriados.
 11712 | D:9      | Noticed Harold
 11756 | D:9      | Killed Harold
 11756 | D:9      | Reached *** piety under Dithmenos
 12159 | D:9      | Found a staircase to the Orcish Mines.
 12419 | D:9      | Reached skill level 1 in Invocations
 12436 | D:9      | Reached XP level 11. HP: 40/94 MP: 23/23
 12857 | D:10     | Entered Level 10 of the Dungeon
 12888 | D:10     | Noticed a fire crab
 12888 | D:10     | a queen bee changed into a fire crab
 12901 | D:10     | a fire crab changed into a floating eye
 12904 | D:10     | Paralysed by a floating eye for 3 turns
 13024 | D:10     | Found a shimmering altar of Xom.
 13031 | D:10     | Found a staircase to the Lair.
 13060 | D:10     | Killed an unseen horror
 13280 | D:10     | Killed an unseen horror
 13506 | D:10     | Noticed a two-headed ogre
 13524 | D:10     | Killed a two-headed ogre
 14271 | D:9      | Learned a level 4 spell: Olgreb's Toxic Radiance
 14277 | D:9      | Learned a level 5 spell: Venom Bolt
 14747 | D:11     | Reached skill level 5 in Necromancy
 15184 | D:11     | Reached skill level 5 in Invocations
 15298 | D:11     | Reached **** piety under Dithmenos
 15809 | D:10     | HP: 1/97 [acid dragon/splash of acid (14)]
 15809 | D:10     | Splashed by an acid dragon's acid

Levels and vault maps discovered:
D:1:      dpeg_arrival_pits, layout_loops_ring, minmay_box_of_dots
D:2:      layout_rooms, first_ration, minmay_tetromino_i4, uniq_jessica
D:3:      layout_loops_ring
D:4:      layout_loops_corners, lemuel_round_altar, ashenzari_altar_1,
          serial_shops, shop, minmay_misc_feat_rows,
          hangedman_abyss_or_decor_passed, chequers_big_river,
          eino_small_chamber_without_monster
D:5:      layout_cave_pods, fedhas_altar_2, uniq_crazy_yiuf_cottage,
          uniq_blork_the_orc
D:6:      layout_loops_corners, tgw_sif, chequers_temple_overflow_minitemple,
          minmay_temple_entry_fiery, basic_altar, uniq_edmund
D:7:      layout_layer_cave, kennysheep_mini_moat,
          nicolae_qazlal_eye_of_the_storm
D:8:      layout_rooms, yredelemnul_forgotten_temple_becter,
          nicolae_overflow_crystal_walls, nicolae_ru_sacrificial_ziggurat,
          grunt_pizzeria, minmay_another_anthill
D:9:      layout_basic, vehumet_statue, cheibriados_altar_1, orc_0_dummy,
          uniq_harold
D:10:     minmay_cornered_nines, layout_small_grid, lair_entry_dummy,
          basic_altar
D:11:     layout_long_grid, gammafunk_ghost_cemetery, special_room
          [special_room_orc], lemuel_flame_loot_1
Temple:   kb_temple_of_zot

Skill      XL: |  1  2  3  4  5  6  7  8  9 10 11 |
---------------+----------------------------------+-----
Fighting       | 1 3 6 8 9 |  9.1
Conjurations   | 5 6 7 9 10 | 10.0
Shields        | 1 2 3 4 |  4.0
Spellcasting   | 3 4 5 7 8 9 |  9.3
Hexes          | 2 |  2.0
Necromancy     | 3 5 |  5.0
Poison Magic   | 4 |  4.6
Invocations    | 1 5 |  5.5
Dodging        | |  1.7
Stealth        | |  1.7

Action                   |  1- 3 |  4- 6 |  7- 9 | 10-12 || total
-------------------------+-------+-------+-------+-------++-------
Melee: Dagger            |    10 |       |       |       ||    10
       Short sword       |     2 |     9 |     9 |       ||    20
       Tailslap          |       |     2 |    10 |    26 ||    38
       Trident           |       |       |    47 |       ||    47
       Spear             |       |       |    47 |   145 ||   192
       Flail             |       |       |       |    17 ||    17
Throw: Stone             |     6 |       |       |       ||     6
       Dart              |     4 |       |       |       ||     4
 Cast: Magic Dart        |    45 |   112 |   228 |   194 ||   579
       Searing Ray       |     4 |    11 |    34 |    43 ||    92
       Confuse           |       |       |     3 |     6 ||     9
       Mephitic Cloud    |       |       |       |    12 ||    12
       Iskenderun's Myst |       |       |       |     5 ||     5
       Regeneration      |       |       |       |     3 ||     3
       Venom Bolt        |       |       |       |    20 ||    20
       Olgreb's Toxic Ra |       |       |       |     1 ||     1
  Use: Scroll            |     2 |     6 |     9 |     7 ||    24
       Potion            |       |       |     2 |     1 ||     3
 Stab: Sleeping          |     2 |       |     2 |       ||     4
       Confused          |       |       |     2 |     1 ||     3
  Eat: Chunk             |     2 |    11 |    16 |    11 ||    40
       Ration            |       |       |       |     4 ||     4
Armor: Skin              |     1 |     7 |    85 |   119 ||   212
Dodge: Dodged            |    19 |    20 |   173 |   209 ||   421
Block: Buckler           |       |     7 |    59 |    77 ||   143

Table legend:
 A = Non-vault XP
 B = Vault XP
 C = Vault XP percentage of total XP
 D = Non-vault monster count
 E = Vault monster count
 F = Vault count percentage of total count
                 A         B        C        D         E       F
            +---------+---------+-------+---------+---------+-------
      Total |   13262 |    4427 |  25.0 |     230 |      37 |  13.9
            +---------+---------+-------+---------+---------+-------
        D:1 |      38 |       4 |   9.5 |      12 |       2 |  14.3
        D:2 |      95 |      38 |  28.6 |      25 |       2 |   7.4
        D:3 |     221 |       0 |   0.0 |      27 |       0 |   0.0
        D:4 |     144 |       0 |   0.0 |      15 |       0 |   0.0
        D:5 |     716 |     132 |  15.6 |      24 |       2 |   7.7
        D:6 |    1433 |     208 |  12.7 |      15 |       2 |  11.8
        D:7 |     813 |     258 |  24.1 |      14 |       4 |  22.2
        D:8 |    1770 |    1896 |  51.7 |      32 |      20 |  38.5
        D:9 |    2676 |    1008 |  27.4 |      33 |       2 |   5.7
       D:10 |    2890 |     883 |  23.4 |      13 |       3 |  18.8
       D:11 |    2466 |       0 |   0.0 |      20 |       0 |   0.0
            +---------+---------+-------+---------+---------+-------
